Map: Curious Minds LE

Players

Warthog - Winner!

  • Race: Terran Terran
  • League: Gold
  • Spawn Location: 5:00

Jrblood

  • Race: Terran Terran
  • League: Gold
  • Spawn Location: 11:00

VOD

Have the link to the VOD?

Description

Time

  • Played on: Nov. 2, 2021, 7:29 p.m.
  • Length: 15:36
Show
View Real Time Build Order
Export as new Build Order

Warthog Terran - Winner!

Build Orders:  

Get SALT Encoding   

  12  0:00  SCV  
  13  0:12  SCV  
  14  0:18  Supply Depot  
  14  0:25  SCV  
  15  0:39  SCV  
  15  0:41  Barracks  
  16  0:46  Refinery  
  16  0:51  SCV  
  17  1:03  SCV  
  18  1:16  SCV  
  19  1:28  Orbital Command  
  19  1:30  Barracks Reactor  
  19  1:42  Command Center  
  19  1:57  SCV  
  20  2:04  Supply Depot  
  20  2:13  SCV  
  20  2:14  Marine x2  
  22  2:28  SCV  
  23  2:32  Barracks, Marine x2  
  23  2:34  Barracks  
  25  2:41  SCV  
  26  2:49  Marine x2  
  28  2:52  Refinery  
  28  2:53  SCV  
  28  2:54  Orbital Command  
  29  3:05  SCV  
  30  3:09  Marine  
  30  3:10  Marine  
  32  3:17  SCV  
  33  3:22  SCV  
  33  3:26  Barracks Tech Lab x2  
  34  3:29  SCV  
  34  3:30  Marine x2  
  37  3:34  SCV  
  37  3:37  Factory  
  38  3:42  SCV  
  38  3:43  Supply Depot  
  38  3:46  SCV  
  38  3:47  Supply Depot  
  41  3:55  SCV  
  41  3:58  SCV, Stimpack, Combat Shield  
  41  4:00  Marine  
  41  4:02  Marine  
  44  4:05  Marine x2  
  44  4:07  SCV  
  47  4:11  Supply Depot  
  47  4:12  SCV  
  48  4:21  Starport, Factory Reactor  
  48  4:26  SCV x2  
  48  4:28  Marine  
  48  4:29  Marine  
  52  4:32  Marine  
  52  4:33  Marine  
  52  4:38  SCV x2  
  56  4:44  Supply Depot  
  56  4:50  SCV x2  
  58  4:55  Marauder  
  58  4:56  Marauder, Marine x2  
  64  5:02  SCV  
  64  5:04  SCV  
  64  5:06  Factory Tech Lab  
  66  5:07  Medivac x2  
  66  5:13  Marine  
  71  5:14  SCV  
  71  5:15  Supply Depot  
  71  5:16  SCV  
  71  5:17  Marauder  
  71  5:18  Supply Depot  
  75  5:28  Command Center  
  75  5:32  SCV x2  
  75  5:35  Refinery x2, Marine x2  
  78  5:38  Marine  
  81  5:42  Marauder  
  81  5:44  SCV x2  
  83  5:56  SCV  
  84  5:57  Marauder, Marine  
  84  5:59  Medivac, Siege Tank  
  91  6:11  Supply Depot  
  91  6:12  Supply Depot, Barracks x2  
  91  6:30  Concussive Shells, Marauder, Marine  
  91  6:32  Marine x2  
  96  6:36  Engineering Bay x2  
  96  6:38  Armory  
  95  6:49  Marine  
  95  6:50  Marine  
  97  6:57  Marine  
  98  7:08  Barracks Reactor, Barracks Tech Lab  
  98  7:12  Missile Turret  
  90  7:15  Missile Turret  
  90  7:18  Missile Turret x2  
  90  7:19  Missile Turret  
  83  7:46  Orbital Command  
  83  7:47  SCV x2  
  83  7:49  Marine x7  
  83  7:50  Siege Tank  
  95  7:51  Medivac x2  
  95  7:57  Supply Depot  
  95  7:58  Supply Depot  
  99  7:59  SCV x2, Terran Infantry Weapons Level 1  
  99  8:00  Terran Vehicle Weapons Level 1, Terran Infantry Armor Level 1  
  101  8:07  Marine x4  
  101  8:11  Refinery, SCV x2  
  101  8:12  Refinery, Factory  
  107  8:17  SCV, Factory  
  108  8:23  SCV, Siege Tank, Marine x2  
  108  8:24  SCV  
  115  8:29  SCV  
  115  8:33  Marine x2  
  115  8:34  Marauder  
  120  8:39  Medivac x2, Marine  
  120  8:40  Marauder  
  127  8:47  Marine  
  127  8:48  Marine  
  129  8:49  Supply Depot  
  129  8:50  SCV x2  
  129  8:51  SCV, Marine x2  
  129  8:52  Supply Depot  
  129  8:55  Siege Tank, Marine  
  138  8:57  Marine  
  138  9:00  Marine  
  138  9:02  SCV  
  141  9:07  Factory Tech Lab x2  
  141  9:09  Marine  
  141  9:10  SCV, Medivac, Marine x2  
  141  9:11  Marauder  
  141  9:12  SCV  
  141  9:13  Marine  
  141  9:15  Marine  
  151  9:26  SCV x2  
  151  9:27  Siege Tank  
  156  9:33  Supply Depot  
  156  9:35  Supply Depot  
  156  9:37  Command Center  
  155  9:51  Marine x7  
  155  9:52  Siege Tank  
  165  9:54  Medivac  
  165  9:55  Siege Tank  
  169  10:04  Terran Infantry Weapons Level 2  
  169  10:05  Terran Infantry Armor Level 2  
  169  10:09  Marine x6  
  175  10:19  Marine  
  176  10:22  Supply Depot  
  176  10:24  Supply Depot  
  174  10:47  Supply Depot  
  174  10:49  Siege Tank  
  177  10:50  Medivac  
Show
View Real Time Build Order
Export as new Build Order

Jrblood Terran 

Build Orders:  

Get SALT Encoding   

  12  0:01  SCV  
  13  0:13  SCV  
  14  0:17  Supply Depot  
  14  0:25  SCV  
  15  0:32  Refinery  
  15  0:39  SCV  
  16  0:45  Barracks  
  16  0:51  SCV  
  17  1:04  SCV  
  18  1:16  SCV  
  19  1:28  SCV  
  20  1:36  Reaper  
  20  1:38  Command Center  
  21  1:44  Supply Depot  
  21  1:46  SCV  
  22  1:58  SCV  
  23  2:20  Barracks, Barracks Tech Lab  
  23  2:25  Barracks, Orbital Command  
  23  2:40  Stimpack  
  23  2:41  Marine  
  24  2:50  Refinery, SCV  
  25  2:52  Orbital Command  
  25  2:58  Marine  
  25  3:02  SCV  
  27  3:12  Marine x2  
  29  3:23  Marine  
  29  3:25  SCV x2  
  32  3:30  Marine  
  33  3:37  SCV  
  33  3:38  SCV  
  35  3:42  Marauder  
  35  3:44  Barracks Reactor  
  37  3:53  Factory  
  36  3:58  SCV x2  
  36  4:01  Barracks Reactor  
  38  4:07  Marine  
  39  4:19  SCV x2  
  39  4:22  Marine x2  
  43  4:25  Marauder  
  45  4:31  SCV  
  45  4:37  Supply Depot  
  46  4:40  Supply Depot  
  46  4:44  Combat Shield  
  46  4:47  Supply Depot  
  46  4:49  Factory Tech Lab  
  46  4:52  Starport  
  46  4:56  Refinery  
  46  4:59  SCV x2, Marauder, Marine x4  
  54  5:03  Supply Depot x2  
  54  5:11  SCV x2  
  56  5:16  Marine x4  
  56  5:21  Marauder  
  62  5:23  Command Center  
  62  5:34  Marine x2  
  62  5:35  Refinery, Siege Tank  
  67  5:44  Liberator  
  70  5:51  SCV  
  70  5:52  SCV  
  72  6:03  SCV  
  72  6:04  SCV  
  68  6:36  Orbital Command  
  68  6:47  SCV x2  
  68  6:48  Marine x4  
  68  6:49  Marine  
  68  6:53  Starport Reactor  
  75  6:54  Siege Tank  
  75  6:59  SCV  
  79  7:03  Engineering Bay  
  79  7:06  Marine x5  
  68  7:23  Command Center  
  51  7:38  SCV x2  
  51  7:40  Marine x5  
  51  7:43  Medivac x2  
  61  7:45  Siege Tank  
  61  7:50  SCV x2  
  66  7:51  Barracks  
  66  7:52  Barracks  
  66  7:57  Marine x2  
  66  7:58  Marine  
  69  7:59  Marine  
  69  8:03  Marine  
  71  8:11  SCV x2  
  73  8:13  Liberator x2  
  73  8:15  Marine x3  
  73  8:17  Siege Tank, Marine  
  86  8:39  SCV x2, Marine x5  
  86  8:41  Barracks Reactor x2  
  93  8:47  Supply Depot  
  93  8:57  Marine  
  94  9:08  Marine x4  
  94  9:09  Siege Tank  
  101  9:11  Supply Depot  
  101  9:15  Marine  
  92  9:26  Marine x4  
  92  9:31  Medivac x2  
  100  9:32  SCV x2, Marine  
  103  9:41  Siege Tank  
  103  9:43  Command Center  
  103  9:44  Marine x4  
  109  9:50  Marine  
  109  10:02  Marine  
  110  10:13  Siege Tank  
  108  10:14  Command Center  
  108  10:34  Marine x2  
  110  10:39  Marine x3  
  98  10:52  Marine x2  
Tags
 
Add a new tag
Caveats
  • Supply blocks, unpowered buildings, or Contaminate may cause inaccurate times.
  • Supply counts are checked every 10 seconds.